 Dungeon Crawl Stone Soup version 0.21-a0-472-g223bcb9 (webtiles) character file.

52 slep the Slasher (level 3, 0/29 HPs)
             Began as a Demonspawn Monk on Nov 21, 2017.
             Slain by an adder (2 damage)
             ... on level 2 of the Dungeon.
             The game lasted 00:03:46 (954 turns).

slep the Slasher (Demonspawn Monk)                   Turns: 954, Time: 00:03:46

Health: 0/29       AC:  4    Str: 11    XL:     3   Next: 60%
Magic:  3/3        EV: 14    Int: 11    God:
Gold:   27         SH:  0    Dex: 16    Spells: 2/2 levels left

rFire    . . .     SeeInvis .   a - +0 falchion
rCold    + . .     Gourm    .   (no shield)
rNeg     . . .     Faith    .   b - +0 robe
rPois    .         Spirit   .   (no helmet)
rElec    .         Reflect  .   i - +0 cloak
rCorr    .         Harm     .   d - +0 pair of gloves
MR       .....                  (no boots)
Stlth    ++........             (no amulet)
HPRegen  0.09/turn              (no ring)
MPRegen  0.08/turn              (no ring)

@: no status effects
A: claws 1, cold resistance 1
a: no special abilities


You were on level 2 of the Dungeon.
You were not hungry.

You visited 1 branch of the dungeon, and saw 2 of its levels.

You collected 27 gold pieces.

Inventory:

Hand Weapons
 a - a +0 falchion (weapon)
Armour
 b - a +0 robe (worn)
 d - a +0 pair of gloves (worn)
 i - a +0 cloak (worn)
 n - a +0 helmet
Scrolls
 e - a scroll of remove curse {unknown}
 h - a scroll of amnesia {unknown}
 k - a scroll of magic mapping {unknown}
 l - a scroll of teleportation {unknown}
Potions
 f - a potion of resistance {unknown}
 g - 3 potions of invisibility {unknown}
 m - a potion of haste
Comestibles
 c - a bread ration
 j - a royal jelly


   Skills:
 + Level 3.3 Fighting
 + Level 3.4 Long Blades
 + Level 3.2 Dodging
 + Level 2.0 Stealth


You had 2 spell levels left.
You didn't know any spells.

Dungeon Overview and Level Annotations

Branches:
Dungeon (2/15)

Altars:

Annotations:
D:2 Natasha


Innate Abilities, Weirdness & Mutations

You have sharp fingernails.
Your flesh is cold resistant. (rC+)


Message History

The hobgoblin closely misses you. The adder barely misses you.
The crimson imp grinds its teeth.
The crimson imp closely misses you.
You riposte.
You hit the crimson imp.
The crimson imp is lightly wounded.
The frilled lizard closely misses you.
The crimson imp blinks!
The crimson imp blinks!
The frilled lizard barely misses you.
The crimson imp blinks!
The rat misses you.
You riposte.
You hit the rat.
You kill the rat!
Natasha closely misses you. The adder bites you but does no damage.
Natasha casts a spell at you. The magic dart hits you!
* * * LOW HITPOINT WARNING * * *
The adder closely misses you.
You riposte.
You miss the adder. The adder barely misses you.
Natasha wildly gestures.
Natasha shimmers violently.
The adder bites you.
You die...

## #.# # #.### ##
#.#8## #⌠ #.... ##
#... ###### # #..
#....### #.#
#.....#8 #@#
####.....##
#S######......w...
#.g.h.l...5.......
########..........
#....†.....
#..........
##.........
##.....##.
#########


You could see an adder and a hobgoblin.

Vanquished Creatures
  An ooze (D:1)
  2 dart slugs (D:1)
  2 ball pythons (D:1)
  5 giant cockroaches
  7 goblins (D:1)
  4 hobgoblins
  3 jackals (D:1)
  4 kobolds (D:1)
  A quokka (D:2)
  5 bats
  2 frilled lizards
  4 rats
40 creatures vanquished.

Notes
Turn   | Place    | Note
-------+----------+-------------------------------------------
     0 | D:1      | slep the Demonspawn Monk began the quest for the Orb.
     0 | D:1      | Reached XP level 1. HP: 18/18 MP: 1/1
    99 | D:1      | Gained mutation: You have sharp fingernails. [demonic ancestry]
    99 | D:1      | Reached XP level 2. HP: 20/24 MP: 2/2
   412 | D:1      | Gained mutation: Your flesh is cold resistant. (rC+) [demonic ancestry]
   412 | D:1      | Reached XP level 3. HP: 28/29 MP: 3/3
   892 | D:2      | Noticed Natasha
   954 | D:2      | Slain by an adder

Vault maps used:
D:1:      scummos_arrival_forest, minmay_tetromino_l4
D:2:      serial_corexii_hall, corexii_hall_statues_u, corexii_hall_statues_i,
          corexii_hall_statues_l, corexii_hall_statues_x,
          hangedman_abyss_or_decor_stabs, fedhas_altar_3, uniq_natasha

Skill      XL: |  1  2  3 |
---------------+----------+-----
Long Blades    | 3 |  3.4
Dodging        | 3 |  3.2
Stealth        | 2 |  2.0
Fighting       | |  3.3

Action                   || total
-------------------------++-------
Melee: Falchion          ||    97
 Stab: Sleeping          ||     5
Armor: Robe              ||    29
Dodge: Dodged            ||   107
       Rpst.: Falchion   ||    33

Table legend:
 A = Spawn XP
 B = Non-spawn XP
 C = Spawn XP percentage of total XP
 D = Spawn monster count
 E = Non-spawn monster count
 F = Spawn count percentage of total count
 G = Total turns spent on level
                    A         B        C        D         E        F      G
               +---------+---------+-------+---------+---------+-------+---------
         Total |       0 |      75 |   0.0 |       0 |      40 |   0.0 |   954
               +---------+---------+-------+---------+---------+-------+---------
           D:1 |       0 |      62 |   0.0 |       0 |      32 |   0.0 |   834
           D:2 |       0 |      13 |   0.0 |       0 |       8 |   0.0 |   120
               +---------+---------+-------+---------+---------+-------+---------
